 Dungeon Crawl Stone Soup version 0.29-a0-1043-g569b05d6ff (webtiles) character file.

Game seed: 12740573153268740225

12 ytrimaz the Insei (level 2, 0/21 HPs)
             Began as a Demonspawn Transmuter on Aug 15, 2022.
             Slain by a kobold
             ... wielding a +1 short sword of venom
              (3 damage)
             ... on level 1 of the Dungeon.
             The game lasted 00:00:46 (491 turns).

ytrimaz the Insei (Demonspawn Transmuter)            Turns: 491, Time: 00:00:46

Health: 0/21       AC:  2    Str: 10    XL:     2   Next: 20%
Magic:  5/5        EV: 12    Int: 14    God:
Gold:   26         SH:  0    Dex: 13    Spells: 4/5 levels left

rFire   . . .      SeeInvis .     - Unarmed
rCold   . . .      Faith    .   (no shield)
rNeg    . . .      Spirit   .   a - +0 robe
rPois   .          Reflect  .   (helmet restricted)
rElec   .          Harm     .   (no cloak)
rCorr   .          Rampage  .   (no gloves)
Will    .....                   (no boots)
Stlth   +.........              (no amulet)
HPRegen 0.07/turn               (no ring)
MPRegen 0.09/turn               (no ring)

@: lethally poisoned (0 -> -6)
A: antennae 1
a: no special abilities


You were on level 1 of the Dungeon.
You visited 1 branch of the dungeon, and saw 1 of its levels.

You collected 26 gold pieces.

Inventory:

Armour
 a - a +0 robe (worn)
Scrolls
 c - a scroll of identify {unknown}
Potions
 b - a potion of lignification


   Skills:
 - Level 1.0 Fighting
 - Level 1.7 Dodging
 + Level 3.0 Unarmed Combat
 * Level 2.2 Spellcasting
 * Level 2.0 Transmutations


You had 4 spell levels left.
You knew the following spells:

 Your Spells              Type           Power      Damage    Failure   Level
a - Beastly Appendage     Tmut           14%        N/A       10%         1

Your spell library contained the following spells:

 Spells                   Type           Power      Damage    Failure   Level
 Wereblood                Tmut           7%         N/A       16%         2
 Spider Form              Tmut/Pois      4%         N/A       41%         3
 Ice Form                 Ice/Tmut       4%         N/A       83%         4


Dungeon Overview and Level Annotations

Branches:
Dungeon (1/15)

Altars:

Shops:
D:1 [[


Innate Abilities, Weirdness & Mutations

You have a pair of small antennae on your head.


Message History

Your Transmutations skill increases to level 2!
No target in view!
You see here a rat corpse.
A quokka comes into view.
A quokka is nearby!
A quokka is nearby!
Unknown command.
A quokka is nearby!
You hit the quokka.
The quokka is almost dead.
The quokka closely misses you.
A quokka is nearby!
You hit the quokka.
You kill the quokka!
You see here a quokka corpse.
A kobold comes into view. It is wielding a +0 dagger.
A kobold is nearby!
Unknown command.
A kobold is nearby!
A kobold comes into view.
It is wielding a +1 short sword of venom.
Found 14 gold pieces.
The kobold shouts! x2
The kobold hits you with a +1 short sword of venom.
You are poisoned.
You completely miss the kobold.
You feel very sick. The kobold hits you with a +0 dagger.
The kobold barely misses you.
You hit the kobold.
You kill the kobold!
You feel sick.
The kobold hits you with a +1 short sword of venom.
Unknown command.
You closely miss the kobold.
* * * LOW HITPOINT WARNING * * *
You feel sick. The kobold barely misses you.
You hit the kobold but do no damage.
* * * LOW HITPOINT WARNING * * *
You feel sick.
The kobold hits you with a +1 short sword of venom.
You die...

#.......†..#
#.##########
#.# {#†# #.#
# #.# + #.#
# #.########
#.@K......
#.)..$....
#.####....
... ... .#.#
. #.#.# #
#.# #.


You could see a kobold.

Vanquished Creatures
  An endoplasm (D:1)
  A goblin (D:1)
  A kobold (D:1)
  A quokka (D:1)
  6 ball pythons (D:1)
  A bat (D:1)
  A rat (D:1)
12 creatures vanquished.

Notes
Turn   | Place    | Note
-------+----------+-------------------------------------------
     0 | D:1      | ytrimaz the Demonspawn Transmuter began the quest for the
                  | Orb.
     0 | D:1      | Reached XP level 1. HP: 15/15 MP: 3/3
   121 | D:1      | Found Liad Mas's Antique Armour Emporium.
   148 | D:1      | Found Horaital's Armour Emporium.
   193 | D:1      | Found a faded altar of an unknown god.
   352 | D:1      | Gained mutation: You have a pair of small antennae on your
                  | head. [demonic ancestry]
   352 | D:1      | Reached XP level 2. HP: 21/21 MP: 5/5
   364 | D:1      | Reached skill level 3 in Unarmed Combat
   491 | D:1      | Slain by a kobold

Illustrated notes

Levels and vault maps discovered:
D:1:      ebering_hopf_link, layout_basic,
          chequers_ecumenical_altar_simple_redux, serial_shops,
          nicolae_shop_temple_entry_statues_fountains, nicolae_shop_statue_plus

Skill      XL: |  1  2 |
---------------+-------+-----
Unarmed Combat | 3 |  3.0
Transmutations | 2 |  2.0
Fighting       | |  1.0
Dodging        | |  1.7
Spellcasting   | |  2.2

Action                   || total
-------------------------++-------
Melee: Unarmed           ||    39
       Kick              ||     3
       Headbutt          ||     1
 Cast: Beastly Appendage ||     3
 Stab: Sleeping          ||     1
Armor: Robe              ||    11
Dodge: Dodged            ||    23

Table legend: (Time is in decaauts)
 A = Elapsed time spent in this place.
 B = Non-inter-level travel time spent in this place.
 C = Inter-level travel time spent in this place.
 D = Time resting spent in this place.
 E = Time spent auto-exploring this place.
 F = Levels seen in this place.
 G = Mean time per level.
                   A        B        C        D        E       F      G
               +--------+--------+--------+--------+--------+-----+--------+
         Total |    489 |    489 |      0 |      0 |    396 |   1 |  489.0 |
       Dungeon |    489 |    489 |      0 |      0 |    396 |   1 |  489.0 |
               +--------+--------+--------+--------+--------+-----+--------+

Top non-repeatable levels by time:
     D:1: 489 daAuts
